 Dungeon Crawl Stone Soup version 0.28-a0-563-gf77a47075d (webtiles) character file.

Game seed: 12488430104676053848

2566 tilp the Destroyer (level 9, -1/41 HPs)
             Began as a Felid Hedge Wizard on Sept 29, 2021.
             Was a Believer of Vehumet.
             Slain by Snorg (27 damage)
             ... on level 11 of the Dungeon.
             The game lasted 00:51:08 (26114 turns).

tilp the Destroyer (Felid Hedge Wizard)            Turns: 26114, Time: 00:51:08

Health: -1/41      AC:  2    Str:  6    XL:     9   Next: 31%
Magic:  10/19      EV: 21    Int: 26    God:    Vehumet [**....]
Gold:   599        SH:  5    Dex: 15    Spells: 6/20 levels left
                                        Lives:  0   Deaths: 2

rFire   . . .      SeeInvis +     - Unarmed
rCold   . . .      Faith    .   (shield unavailable)
rNeg    . . .      Spirit   .   (armour unavailable)
rPois   .          Reflect  +   (helmet unavailable)
rElec   .          Harm     .   (cloak unavailable)
rCorr   .          Rampage  .   (gloves unavailable)
Will    ++...                   (boots unavailable)
Stlth   ++++......              n - amulet of reflection
HPRegen 0.13/turn               x - ring of willpower
MPRegen 0.16/turn               a - +6 ring of intelligence

@: quick
A: very small, claws 1, fangs 3, see invisible, speed 1, shaggy fur 2, stealthy
paws, no weapons or thrown items, no armour, multi-lived
a: Renounce Religion


You were on level 11 of the Dungeon.
You worshipped Vehumet.
Vehumet was pleased with you.
You visited 2 branches of the dungeon, and saw 12 of its levels.
You also visited: Ossuary.

You collected 905 gold pieces.
You spent 306 gold pieces at shops.

Inventory:

Jewellery
 a - a +6 ring of intelligence (right paw)
 e - a +6 ring of strength
 h - a +4 ring of evasion
 n - an amulet of reflection (around neck)
 x - a ring of willpower (left paw)
Wands
 g - a wand of flame (58)
 m - a wand of paralysis (18)
 o - a wand of charming (10)
 z - a wand of iceblast (7)
 A - a wand of digging (7)
Scrolls
 c - 3 scrolls of fear
 j - 3 scrolls of blinking
 k - 6 scrolls of teleportation
 q - a scroll of silence
 s - 2 scrolls of summoning
 y - a scroll of amnesia
 B - 2 scrolls of identify
Potions
 b - 3 potions of heal wounds
 d - 2 potions of brilliance
 f - 7 potions of flight
 i - a potion of resistance
 l - 3 potions of curing
 p - 4 potions of lignification
 r - 3 potions of might
 t - 2 potions of berserk rage
 u - a potion of haste {unknown}
 v - a potion of invisibility {unknown}
 w - 2 potions of magic
 C - a potion of attraction {unknown}


   Skills:
 - Level 6.0 Fighting
 - Level 8.0 Dodging
 - Level 8.0 Stealth
 - Level 6.0 Unarmed Combat
 - Level 6.0 Spellcasting
 + Level 8.3 Conjurations
 - Level 2.0 Hexes
 - Level 2.0 Summonings
 - Level 4.0 Translocations
 + Level 3.1 Fire Magic
 - Level 2.0 Air Magic
 - Level 2.0 Poison Magic
 - Level 4.0 Evocations


You had 6 spell levels left.
You knew the following spells:

 Your Spells              Type           Power      Damage    Failure   Level
a - Magic Dart            Conj           100%       1d8       1%          1
b - Call Imp              Summ           18%        N/A       4%          2
c - Blink                 Tloc           N/A        N/A       1%          2
d - Slow                  Hex            18%        N/A       4%          2
e - Mephitic Cloud        Conj/Pois/Air  29%        N/A       3%          3
f - Conjure Flame         Conj/Fire      37%        6-21      1%          3
g - Foxfire               Conj/Fire      100%       2x1d9     1%          1

Your spell library contained the following spells:

 Spells                   Type           Power      Damage    Failure   Level
 Freeze                   Ice            28%        1d5       7%          1
 Tukima's Dance           Hex            18%        N/A       9%          3
 Hailstorm                Conj/Ice       29%        3d8       12%         4
 Passage of Golubria      Tloc           N/A        N/A       13%         4
 Fireball                 Conj/Fire      18%        3d9       19%         5
 Frozen Ramparts          Ice            14%        1d3       21%         3
 Animate Dead             Necr           3%         N/A       56%         4
 Starburst                Conj/Fire      18%        6d7       71%         6
 Yara's Violent Unravell  Hex/Tmut       6%         3d5       77%         5
 Borgnjor's Vile Clutch   Necr/Erth      3%         N/A       88%         5
 Death Channel            Necr           3%         N/A       100%        6
 Ignition                 Fire           11%        3d5       100%        8


Dungeon Overview and Level Annotations

Branches:
Dungeon (11/15)            Temple (1/1) D:6            Lair (0/6) D:11
Ossuary (visited)
    Orc: D:9-12

Altars:
Ashenzari
Cheibriados
Dithmenos
Elyvilon
Fedhas
Gozag
Hepliaklqana
Kikubaaqudgha
Makhleb
Nemelex Xobeh
Okawaru
Qazlal
Ru
Sif Muna
Trog
Uskayaw
Vehumet
Wu Jian
Xom
Yredelemnul
Zin
The Shining One

Shops:
D:3 [   D:4 *   D:6 ?   D:7 =

Annotations:
D:6 exclusion: water moccasin
D:7 exclusion: killer bee
D:8 exclusions: bullfrog and two-headed ogre, Maurice
D:10 lava vault
D:11 Snorg


Innate Abilities, Weirdness & Mutations

You have sharp claws.
You have razor-sharp teeth.
You have supernaturally acute eyesight. (SInv)
You cover ground quickly. (Speed+)
You are covered in thick fur. (AC +2)
Your paws help you pounce on unaware monsters.
You are incapable of wielding weapons or throwing items.
You cannot wear armour.
You gain extra lives every three experience levels.


Message History

Snorg is severely wounded.
Snorg is engulfed in blazing flames.
Unknown command.
Casting: Magic Dart (safe; 1% risk of failure)
Confirm with . or Enter, or press ? or * to list all spells.
Aiming: Magic Dart (safe; 1% risk of failure)
Press: ? - help, Shift-Dir - straight line, f/p - Snorg
Aim: Snorg (severely wounded, berserk, confused, 100% to hit)
The magic dart hits Snorg!
Snorg is almost dead.
Snorg seems less confused.
Unknown command.
Casting: Magic Dart (safe; 1% risk of failure)
Confirm with . or Enter, or press ? or * to list all spells.
Aiming: Mephitic Cloud (dangerous; 3% risk of failure)
Press: ? - help, Shift-Dir - straight line, f/p - Snorg
Aim: Snorg (almost dead, berserk, chance to affect: 62%)
The ball explodes into a vile cloud!
The stinking cloud engulfs Snorg but does no damage.
Snorg is almost dead.
Snorg is engulfed in noxious fumes.
Casting: Mephitic Cloud (dangerous; 3% risk of failure)
Confirm with . or Enter, or press ? or * to list all spells.
The fire begins to smoulder!
Snorg is engulfed in noxious fumes.
Snorg closely misses you. Snorg barely misses you. Snorg misses you.
Snorg smothers the flame.
Casting: Conjure Flame (safe; 1% risk of failure)
Confirm with . or Enter, or press ? or * to list all spells.
You conjure some foxfire!
Snorg barely misses you. x2; Snorg claws you.
The foxfire hits Snorg.
Snorg is almost dead.
The foxfire hits Snorg.
Snorg is almost dead.
Snorg rages.
Snorg bites you! Snorg barely misses you. Snorg completely misses you.
Casting: Foxfire (safe; 1% risk of failure)
Confirm with . or Enter, or press ? or * to list all spells.
You conjure some foxfire!
Snorg bites you!!
Ouch! That really hurt!
You die...

....##.†...##.......T..#.........
....####'########################
..........°.○..|........ >......
....................... .......
....................... .......
#####.................. .......
#......?........... .......
..........T........ .......
....^.....§v@...!... .......
............v........ .......
................. ......
.................
#####+###########


You could see Snorg (berserk, ally target).

Vanquished Creatures
  2 two-headed ogres (D:9)
  Erica (D:9)
  Pikel (D:5)
  A deep elf pyromancer (D:11)
  An unseen horror (D:11)
  2 trolls
  Grinder (D:4)
  2 hornets
  Sigmund (D:4)
  2 wraiths (D:11)
  Eustachio (D:5)
  Menkaure (D:4)
  2 ice beasts
  2 sky beasts (D:7)
  5 orc warriors
  A hornet zombie (D:7)
  A black bear (D:7)
  A necrophage (D:6)
  4 centaurs
  3 lemures (D:5)
  A kobold brigand (D:6)
  2 bullfrogs (D:8)
  Blork the orc (D:5)
  A scorpion (D:6)
  A water moccasin zombie (D:6)
  A water moccasin skeleton (D:4)
  6 killer bees
  9 wights
  An electric eel (D:6)
  3 vampire bats (D:10)
  A lava snake (D:10)
  5 bullfrog zombies (D:6)
  A centaur zombie (D:8)
  A jelly (D:6)
  3 hounds
  2 gnoll shamans
  A bullfrog skeleton (D:7)
  A centaur skeleton (D:6)
  Ijyb (D:3)
  7 orc priests
  3 iguanas (D:6)
  Natasha (thrice) (D:2)
  11 orc wizards
  Terence (D:2)
  9 mummies
  A howler monkey zombie (D:8)
  21 gnolls
  3 adders
  A shadow imp (D:7)
  A white imp (D:7)
  An ufetubus (D:7)
  4 dart slugs
  34 orcs
  2 bat skeletons (D:10)
  3 bat zombies (D:10)
  11 endoplasms
  12 goblins
  A hobgoblin (D:3)
  16 jackals
  3 quokkas
  5 ball pythons
  6 bats
  6 frilled lizards
  3 hobgoblin zombies (Ossuary)
  10 kobolds
  3 kobold zombies (Ossuary)
  2 orc zombies (Ossuary)
  26 rats
286 creatures vanquished.

Vanquished Creatures (collateral kills)
  A scorpion (D:4)
  A human zombie (D:6)
  An adder (D:1)
3 creatures vanquished.

Vanquished Creatures (others)
  A killer bee (D:9)
  A wight (D:9)
  45 foxfires
  4 fungi (D:2)
  5 plants (D:2)
56 creatures vanquished.

Grand Total: 345 creatures vanquished

Notes
Turn   | Place    | Note
-------+----------+-------------------------------------------
     0 | D:1      | tilp the Felid Hedge Wizard began the quest for the Orb.
     0 | D:1      | Reached XP level 1. HP: 7/7 MP: 5/5
    41 | D:1      | Reached skill level 1 in Conjurations
   769 | D:1      | Reached XP level 2. HP: 8/11 MP: 1/7
  1962 | D:2      | Found a broken altar of Ashenzari.
  1976 | D:2      | Reached XP level 3. HP: 14/14 MP: 4/8
  2498 | D:1      | Learned a level 2 spell: Call Imp
  2501 | D:1      | Learned a level 2 spell: Blink
  2504 | D:1      | Learned a level 2 spell: Slow
  2652 | D:1      | Reached XP level 4. HP: 16/18 MP: 0/9
  3348 | D:2      | Found a faded altar of an unknown god.
  3409 | D:2      | Noticed Natasha
  3414 | D:2      | Killed Natasha
  3415 | D:2      | Reached skill level 1 in Unarmed Combat
  3784 | D:2      | Reached XP level 5. HP: 21/21 MP: 6/10
  3915 | D:2      | Noticed Terence
  3924 | D:2      | Killed Terence
  4477 | D:2      | Found a broken altar of Ashenzari.
  4496 | D:2      | Reached skill level 1 in Fighting
  4657 | D:2      | Noticed Natasha
  4664 | D:2      | Killed Natasha
  5000 | D:2      | Noticed Natasha
  5004 | D:2      | Killed Natasha
  5127 | D:2      | Found a faded altar of an unknown god.
  5591 | D:2      | Gained mutation: You are covered in thick fur. (AC +2)
                  | [Felid growth]
  5591 | D:2      | Reached XP level 6. HP: 10/25 MP: 0/11
  6288 | D:3      | Found a snail-covered altar of Cheibriados.
  6371 | D:3      | Found an opulent altar of Gozag.
  6454 | D:3      | Found a broken altar of Ashenzari.
  6454 | D:3      | Found a blossoming altar of Fedhas.
  6455 | D:3      | Found a white marble altar of Elyvilon.
  6455 | D:3      | Noticed Ijyb
  6493 | D:3      | Found Batudiyj's Antique Armour Boutique.
  6758 | D:4      | Reached skill level 1 in Hexes
  7361 | D:4      | Reached XP level 7. HP: 30/30 MP: 5/13
  7793 | D:4      | Found Qasub's Assorted Antiques.
  7828 | D:4      | Bought a scroll labelled GAFUBA YWKYGO for 26 gold pieces
  7828 | D:4      | Bought a scroll labelled GAFUBA YWKYGO for 26 gold pieces
  7828 | D:4      | Bought a scroll labelled ALUNLU CIALECK for 26 gold pieces
  7928 | D:4      | Noticed Menkaure
  8033 | D:4      | Reached skill level 1 in Evocations
  8311 | D:4      | Noticed Sigmund
  8715 | D:5      | Entered Level 5 of the Dungeon
  8745 | D:5      | Noticed Blork the orc
  8756 | D:5      | Killed Blork the orc
  8829 | D:5      | Noticed a hornet
  8836 | D:5      | Killed a hornet
  8883 | D:5      | Found a sand-covered staircase.
  8888 | Ossuary  | Entered an ossuary
  9399 | Ossuary  | Reached XP level 8. HP: 34/34 MP: 10/15
 10624 | D:5      | Noticed Eustachio
 10826 | D:6      | Found a staircase to the Ecumenical Temple.
 10840 | D:6      | Reached skill level 5 in Stealth
 10995 | D:6      | Reached skill level 5 in Dodging
 11018 | Temple   | Entered the Ecumenical Temple
 11327 | Temple   | Became a worshipper of Vehumet
 11464 | D:6      | Upgraded the game from 0.28-a0-556-gab23d0e057 to
                  | 0.28-a0-563-gf77a47075d
 11786 | D:6      | Found Hofesy's Magic Scroll Shoppe.
 11797 | D:6      | Bought a scroll of fear for 42 gold pieces
 12132 | D:6      | Found a shimmering altar of Xom.
 12983 | D:6      | Bought a scroll of identify for 24 gold pieces
 12983 | D:6      | Bought a scroll of identify for 24 gold pieces
 12983 | D:6      | Bought a scroll of identify for 24 gold pieces
 12983 | D:6      | Bought a scroll of identify for 24 gold pieces
 12983 | D:6      | Bought a scroll of blinking for 90 gold pieces
 13830 | D:6      | Found a basalt altar of Yredelemnul.
 14334 | D:6      | Reached XP level 9. HP: 34/39 MP: 8/16
 14338 | D:6      | Learned a level 3 spell: Mephitic Cloud
 14587 | D:7      | Reached skill level 1 in Air Magic
 14587 | D:7      | Reached skill level 1 in Poison Magic
 15591 | D:7      | Reached skill level 5 in Conjurations
 15733 | D:7      | Found Iphiosonn's Jewellery Emporium.
 15859 | D:7      | Learned a level 3 spell: Conjure Flame
 16006 | D:8      | Reached * piety under Vehumet
 16006 | D:8      | Offered knowledge of Sandblast by Vehumet.
 16181 | D:8      | Reached skill level 1 in Fire Magic
 16733 | D:8      | Noticed Maurice
 17091 | D:8      | Noticed a two-headed ogre
 18374 | D:9      | Noticed Erica
 18415 | D:9      | Noticed a two-headed ogre
 18482 | D:9      | Noticed a two-headed ogre
 18941 | D:9      | Found a glowing silver altar of Zin.
 18953 | D:9      | Noticed a troll
 18974 | D:9      | Killed a two-headed ogre
 18975 | D:9      | Reached skill level 5 in Spellcasting
 18975 | D:9      | Reached XP level 10. HP: 33/42 MP: 6/19
 20463 | D:9      | Killed a two-headed ogre
 20701 | D:9      | Killed Erica
 20832 | D:9      | Found a glowing silver altar of Zin.
 21473 | D:3      | Killed Ijyb
 21567 | D:4      | Killed Sigmund
 21642 | D:4      | Found Qasub's Assorted Antiques.
 21838 | D:4      | Noticed Grinder
 21845 | D:4      | Killed Grinder
 21846 | D:4      | Reached skill level 5 in Fighting
 21846 | D:4      | Reached skill level 5 in Unarmed Combat
 21853 | D:4      | Killed Menkaure
 22412 | D:5      | Killed Eustachio
 22484 | D:5      | Noticed Pikel
 22618 | D:5      | Killed Pikel
 23035 | D:10     | Entered Level 10 of the Dungeon
 23680 | D:10     | Found an ancient bone altar of Kikubaaqudgha.
 23698 | D:10     | Offered knowledge of Foxfire by Vehumet.
 23709 | D:10     | Reached ** piety under Vehumet
 24034 | D:10     | Learned a level 1 spell: Foxfire
 24088 | D:10     | Noticed a fire crab
 24139 | D:10     | Slain by a troll
 24140 | D:10     | Reached XP level 9. HP: 0/41 MP: 15/19
 24188 | D:10     | Killed a troll
 24189 | D:10     | Reached XP level 10. HP: 45/45 MP: 9/20
 24722 | D:11     | Found a staircase to the Lair.
 24947 | D:11     | Noticed a deep elf pyromancer
 25001 | D:11     | Killed a deep elf pyromancer
 25690 | D:11     | Noticed Snorg
 26104 | D:11     | Demolished by Snorg
 26105 | D:11     | Reached XP level 9. HP: -17/41 MP: 8/19
 26114 | D:11     | Slain by Snorg

Illustrated notes

Levels and vault maps discovered:
D:1:      amcnicky_arrival_abandoned_market, layout_loops_ring, minmay_quantized
D:2:      layout_basic, basic_altar, shapermc_ecumenical_altar_ellora,
          minmay_rat_hole, uniq_terence, uniq_natasha
D:3:      layout_basic, marbit_many_paths,
          nicolae_gozag_cash_rules_everything_around_me,
          chequers_temple_overflow_statue_of_worship, serial_shops,
          nicolae_shop_trees, uniq_ijyb
D:4:      layout_basic, serial_shops, nicolae_shop_trees, uniq_menkaure,
          uniq_grinder, uniq_sigmund
D:5:      layout_rooms, enter_ossuary_5, serial_curves, eino_curves_04,
          eino_curves_02, eino_curves_01, minmay_misc_feat_nine_boxes,
          uniq_blork_the_orc, uniq_eustachio, uniq_pikel
D:6:      layout_loops_cross, mainiacjoe_overflow_alcove_2,
          lemuel_mausoleum_altar_yredelemnul, minmay_temple_entry_stoned_glass,
          serial_shops, nicolae_square_shop, kennysheep_path_1,
          minmay_strange_pillars, kennysheep_diamond
D:7:      layout_basic, serial_shops, nicolae_diamond_shop, nrook_loot_triangle,
          lightli_orcish_oven
D:8:      layout_basic, serial_bayou_pond_a, uniq_maurice
D:9:      lemuel_ice_spiral_2, layout_irregular_city,
          nicolae_overflow_crystal_walls, minivault_25, uniq_erica
D:10:     layout_loops_ring, kennysheep_vampire_church, kennysheep_island_fort
D:11:     layout_stronghold, lair_entry_dummy, uniq_snorg
Temple:   oiseaux_autumnal_temple

Skill      XL: |  1  2  3  4  5  6  7  8  9 10 |
---------------+-------------------------------+-----
Conjurations   | 1 2 3 4 7 8 |  8.3
Unarmed Combat | 2 4 6 |  6.0
Dodging        | 3 4 6 8 |  8.0
Stealth        | 3 4 8 |  8.0
Fighting       | 1 2 4 6 |  6.0
Hexes          | 2 |  2.0
Translocations | 3 4 |  4.0
Summonings     | 2 |  2.0
Spellcasting   | 4 5 6 |  6.0
Evocations     | 4 |  4.0
Air Magic      | 2 |  2.0
Poison Magic   | 2 |  2.0
Fire Magic     | 2 3 |  3.1

Action                   |  1- 3 |  4- 6 |  7- 9 | 10-12 || total
-------------------------+-------+-------+-------+-------++-------
Melee: Unarmed           |    16 |    16 |    22 |    83 ||   137
       Bite              |     3 |     1 |     1 |     8 ||    13
       Punch             |       |       |     1 |     3 ||     4
 Cast: Magic Dart        |    98 |   208 |   596 |   138 ||  1040
       Call Imp          |     1 |     4 |    25 |       ||    30
       Conjure Flame     |       |       |    13 |    36 ||    49
       Mephitic Cloud    |       |       |     9 |    37 ||    46
       Foxfire           |       |       |     6 |    21 ||    27
       Blink             |       |       |       |     2 ||     2
Evoke: Wand              |       |       |     5 |     5 ||    10
  Use: Scroll            |     4 |     3 |    13 |     2 ||    22
       Potion            |     1 |       |     1 |       ||     2
 Stab: Paralysed         |       |       |     4 |     2 ||     6
       Sleeping          |       |       |     6 |     3 ||     9
       Confused          |       |       |       |    15 ||    15
Armor: Skin              |     1 |     2 |     3 |     5 ||    11
Dodge: Dodged            |    27 |    51 |   138 |   109 ||   325
Block: Other             |       |       |    32 |    35 ||    67
       Reflection        |       |       |     4 |     1 ||     5

Table legend: (Time is in decaauts)
 A = Elapsed time spent in this place.
 B = Non-inter-level travel time spent in this place.
 C = Inter-level travel time spent in this place.
 D = Time resting spent in this place.
 E = Time spent auto-exploring this place.
 F = Levels seen in this place.
 G = Mean time per level.
                   A        B        C        D        E       F      G
               +--------+--------+--------+--------+--------+-----+--------+
         Total |  23678 |  22349 |   1329 |   9263 |   9644 |  13 | 1821.4 |
       Dungeon |  22023 |  20748 |   1275 |   8230 |   9262 |  11 | 2002.1 |
        Temple |    279 |    226 |     53 |      0 |    215 |   1 |  279.0 |
       Ossuary |   1375 |   1375 |      0 |   1033 |    166 |   1 | 1375.0 |
               +--------+--------+--------+--------+--------+-----+--------+

Top non-repeatable levels by time:
     D:2: 3051 daAuts
     D:6: 3048 daAuts
     D:9: 2728 daAuts
     D:1: 2314 daAuts
     D:8: 2140 daAuts
     D:4: 1973 daAuts
    D:10: 1682 daAuts
     D:3: 1475 daAuts
     D:7: 1435 daAuts
 Ossuary: 1375 daAuts
     D:5: 1103 daAuts
    D:11: 1070 daAuts
  Temple: 279 daAuts
